 Dungeon Crawl Stone Soup version 0.31-a0-1074-g0b22e4e0f1 (webtiles) character file.

Game seed: 6792932408362062020

3849 Ekaitz the Zephyrmancer (level 10, -3/59 HPs)
             Began as a Tengu Air Elementalist on Nov 28, 2023.
             Slain by a yak (11 damage)
             ... on level 8 of the Dungeon.
             The game lasted 00:17:11 (8999 turns).

Ekaitz the Zephyrmancer (Tengu Air Elementalist)    Turns: 8999, Time: 00:17:12

Health: -3/59      AC: 13    Str: 15    XL:     10   Next: 18%
Magic:  1/20       EV: 20    Int: 20    God:
Gold:   262        SH:  0    Dex: 21    Spells: 5/21 levels left

rFire   + . .        y - +1 mace (protect)
rCold   x . .        (no shield)
rNeg    . . .        v - +2 robe {Will+}
rPois   .            (helmet restricted)
rElec   .            (no cloak)
rCorr   .            w - +1 pair of gloves {Dex+3}
SInv    .            (boots unavailable)
Will    +....        (no amulet)
Stlth   ++           q - ring of Plog {Fire Str+6 Int+2 Dex+2 Stlth-}
HPRegen 0.29/turn    x - ring of wizardry
MPRegen 0.17/turn

%: acrobat, wizardry (x1)
@: under a protective aura, flying
A: beak, talons 3, evasive flight, acrobatic
a: no special abilities


You were on level 8 of the Dungeon.
You visited 2 branches of the dungeon, and saw 9 of its levels.

You collected 412 gold pieces.
You spent 150 gold pieces at shops.

Inventory:

Hand Weapons
 d - a +1 dagger of speed
 y - a +1 mace of protection (weapon)
Missiles
 g - 5 javelins
 N - 7 poisoned darts
Armour
 a - a +2 scale mail of cold resistance
 v - a +2 robe of willpower (worn)
 w - a +1 pair of gloves of dexterity (worn)
 L - the +4 leather armour "Webrom" {Will+ Str+3}
   (You found it on level 8 of the Dungeon)

   Str+3:     It affects your strength (+3).
   Will+:     It increases your willpower.
Jewellery
 q - the ring of Plog (left hand) {Fire Str+6 Int+2 Dex+2 Stlth-}
   (You found it on level 3 of the Dungeon)

   [ring of fire]

   Fire:      It enhances your fire magic.
   Str+6:     It affects your strength (+6).
   Int+2:     It affects your intelligence (+2).
   Dex+2:     It affects your dexterity (+2).
   rF+:       It protects you from fire.
   rC-:       It makes you vulnerable to cold.
   Stlth-:    It makes you less stealthy.
 u - a ring of resist corrosion
 x - a ring of wizardry (right hand)
 B - a ring of willpower
Wands
 p - a wand of flame (12)
 C - a wand of charming (8)
 G - a wand of roots (19)
Scrolls
 e - 2 scrolls of poison {unknown}
 f - 3 scrolls of immolation {unknown}
 i - 4 scrolls of teleportation {unknown}
 j - a scroll of acquirement {unknown}
 l - a scroll of noise {unknown}
 m - 6 scrolls of identify {unknown}
 n - 3 scrolls of blinking {unknown}
 o - 2 scrolls of revelation {unknown}
 r - a scroll of butterflies {unknown}
 s - 2 scrolls of amnesia {unknown}
 D - 2 scrolls of enchant armour {unknown}
 F - 2 scrolls of vulnerability {unknown}
 K - a scroll of fog {unknown}
Potions
 b - 2 potions of magic
 c - 2 potions of mutation {unknown}
 h - 3 potions of haste {unknown}
 k - 4 potions of curing {unknown}
 t - 2 potions of might {unknown}
 z - 3 potions of heal wounds {unknown}
 A - 2 potions of berserk rage {unknown}
 E - a potion of degeneration {unknown}
 H - a potion of attraction {unknown}
 I - 2 potions of resistance {unknown}
 J - a potion of brilliance {unknown}
 M - a potion of invisibility {unknown}


   Skills:
 * Level 5.2 Fighting
 + Level 1.2 Maces & Flails
 * Level 6.1 Dodging
 + Level 2.7 Stealth
 + Level 6.0 Spellcasting
 + Level 5.8 Conjurations
 * Level 1.1 Translocations
 * Level 10.9 Air Magic
 * Level 4.3 Poison Magic


You had 5 spell levels left.
You knew the following spells:

 Your Spells              Type           Power      Damage    Failure   Level
a - Shock                 Conj/Air       100%       1d9       1%          1
b - Static Discharge      Conj/Air       78%        3-7/arc   1%          2
c - Swiftness             Air            50%        N/A       1%          3
d - Airstrike             Air            25%        2d(4-20)  1%          4
e - Poisonous Vapours     Pois/Air       72%        N/A       1%          2
f - Vhi's Electric Charg  Tloc/Air       60%        N/A       3%          4

Your spell library contained the following spells:

 Spells                   Type           Power      Damage    Failure   Level
 Sting                    Tmut/Pois      56%        1d5       1%          1
 Momentum Strike          Conj/Tloc      38%        3d9       1%          2
 Mephitic Cloud           Conj/Pois/Air  34%        N/A       1%          3
 Blink                    Tloc           20%        N/A       4%          2
 Lesser Beckoning         Tloc           20%        N/A       4%          2
 Arcjolt                  Conj/Air       19%        1d29      4%          5
 Wereblood                Tmut           6%         N/A       6%          2
 Olgreb's Toxic Radiance  Pois           23%        N/A       8%          4
 Freezing Cloud           Conj/Ice/Air   14%        6-21      12%         5
 Irradiate                Conj/Tmut      8%         3d14      32%         5
 Maxwell's Capacitive Co  Air            25%        ∞         95%         8


Dungeon Overview and Level Annotations

Branches:
Dungeon (8/15)             Temple (1/1) D:7            Lair (0/5) D:8

Altars:
Ashenzari
Dithmenos
Elyvilon
Fedhas
Gozag
Kikubaaqudgha
Makhleb
Okawaru
Qazlal
Ru
Sif Muna
Trog
Uskayaw
Wu Jian
Xom
Yredelemnul
Zin
The Shining One

Shops:
D:4 *[

Portals:
Abyss: D:6

Annotations:
D:2 1 runed translucent door, Crazy Yiuf
D:6 2 transporters, Firecrotchwizard's ghost, novice TeBe


Innate Abilities, Weirdness & Mutations

You have a beak for a mouth.
You have claws for feet.
Your magical flight helps you evade attacks. (EV +4)
You can magically evade attacks while moving or waiting.


Message History

The yak misses you.
You closely miss the yak. You claw the yak, but do no damage.
Your peck misses the yak.
The yak is heavily wounded.
The yak gores you.
Unknown command.
You hit the yak but do no damage. You claw the yak, but do no damage.
You peck the yak, but do no damage.
The yak is heavily wounded.
The yak gores you.
* * * LOW HITPOINT WARNING * * *
The yak misses you.
Casting: Static Discharge (safe; 1% risk of failure)
Confirm with . or Enter, or press ? or * to list all spells.
The yak is struck by an arc of lightning.
The yak is severely wounded.
The yak is struck by an arc of lightning.
The yak is severely wounded.
The yak is struck by an arc of lightning.
The yak is heavily wounded.
The yak is struck by an arc of lightning!
The yak is almost dead.
The yak is struck by an arc of lightning.
The yak is heavily wounded.
The lightning grounds out.
The yak gores you!
* * * LOW HITPOINT WARNING * * *
Unknown command.
You barely miss the yak.
The yak is severely wounded.
The yak misses you.
You hit the yak. Your peck misses the yak.
The yak is severely wounded.
The yak barely misses you.
You hit the yak but do no damage. You claw the yak. Your peck misses the yak.
The yak is almost dead.
The yak barely misses you.
You barely miss the yak. You peck the yak, but do no damage.
The yak is almost dead.
The yak closely misses you. The yak gores you!
You die...

... #.
###............# #..
## ..
....##†##(.....# ##.
# ##...##.....## ##
##.....##.....##
#..#.#..#.#....#
#.......###....#
#..#.#..#.##..##
##.....##.>)).#
#@..#####....#
.....YY#####..#....##
.....YY#......).....#
.......###....)....##
......# ##.......##
...... #.......#
...... #......##
...... ##.#..##
######


You could see 4 yaks.

Vanquished Creatures
  Pikel (D:6)
  An unseen horror (D:7)
  Maggie (D:6)
  Prince Ribbit (D:5)
  A yak (D:8)
  A water moccasin (D:8)
  Edmund (D:4)
  An ice beast (D:7)
  An orc warrior (D:6)
  2 black bears (D:5)
  3 ogres
  3 centaurs
  3 lemures (D:6)
  A phantom (D:6)
  A kobold brigand (D:8)
  Blork the orc (D:6)
  A scorpion (D:7)
  3 killer bees (D:6)
  2 vampire bats (D:6)
  An electric eel (D:6)
  3 jellies
  4 hounds
  3 orc priests
  Jessica (D:3)
  A sleepcap (D:4)
  2 iguanas
  11 orc wizards
  4 gnolls
  4 adders
  A shadow imp (D:5)
  2 white imps (D:7)
  A dart slug (D:4)
  31 orcs
  3 bat skeletons (D:6)
  2 bat zombies (D:6)
  4 endoplasms
  A giant cockroach (D:1)
  9 goblins
  8 hobgoblins
  2 jackals (D:3)
  13 kobolds
  6 quokkas
  12 ball pythons
  7 bats
  6 frilled lizards
  6 rats
177 creatures vanquished.

Notes
Turn   | Place    | Note
-------+----------+-------------------------------------------
     0 | D:1      | Ekaitz the Tengu Air Elementalist began the quest for the
                  | Orb.
     0 | D:1      | Reached XP level 1. HP: 10/10 MP: 4/4
   127 | D:1      | Found a faded altar of an unknown god.
   179 | D:1      | Reached skill level 1 in Fighting
   208 | D:1      | Reached XP level 2. HP: 16/16 MP: 3/6
   211 | D:1      | Learned a level 2 spell: Static Discharge
   459 | D:1      | Reached XP level 3. HP: 11/20 MP: 1/7
   463 | D:1      | Learned a level 3 spell: Swiftness
  1616 | D:2      | Reached XP level 4. HP: 25/25 MP: 5/8
  2152 | D:2      | Found a runed translucent door.
  2153 | D:2      | Noticed Crazy Yiuf
  2575 | D:3      | Found a hide-covered altar of Uskayaw.
  2626 | D:3      | Identified the ring of Plog {Fire Str+6 Int+2 Dex+2 Stlth-}
  2679 | D:3      | Reached skill level 5 in Air Magic
  3031 | D:3      | Noticed Jessica
  3043 | D:3      | Killed Jessica
  3044 | D:3      | Reached XP level 5. HP: 24/30 MP: 3/9
  3412 | D:4      | Noticed Edmund
  3450 | D:4      | Killed Edmund
  3451 | D:4      | Reached XP level 6. HP: 13/36 MP: 0/11
  3557 | D:4      | Learned a level 4 spell: Airstrike
  3806 | D:4      | Found a shimmering blue altar of Sif Muna.
  3990 | D:4      | Found Lozougaxta's Antique Armour Emporium.
  3993 | D:4      | Bought a pair of glowing gloves for 150 gold pieces
  4068 | D:4      | Found Zeakeefysuwk's Fire Supplies.
  4074 | D:4      | Reached skill level 6 in Air Magic
  4096 | D:4      | Learned a level 2 spell: Poisonous Vapours
  4150 | D:4      | Gained mutation: Your magical flight helps you evade
                  | attacks. (EV +4) [Tengu growth]
  4150 | D:4      | Reached XP level 7. HP: 30/40 MP: 6/13
  4530 | D:5      | Entered Level 5 of the Dungeon
  4719 | D:5      | Noticed Prince Ribbit
  4729 | D:5      | Killed Prince Ribbit
  4730 | D:5      | Reached skill level 7 in Air Magic
  4730 | D:5      | Reached skill level 1 in Poison Magic
  4913 | D:5      | Reached XP level 8. HP: 42/46 MP: 9/15
  5920 | D:6      | Reached skill level 8 in Air Magic
  6277 | D:6      | Reached skill level 5 in Conjurations
  6415 | D:6      | Found an ancient bone altar of Kikubaaqudgha.
  6447 | D:6      | Reached skill level 5 in Dodging
  6580 | D:6      | Noticed Blork the orc
  6584 | D:6      | Killed Blork the orc
  6728 | D:6      | Found an ornate altar of the Wu Jian Council.
  6741 | D:6      | Reached XP level 9. HP: 52/52 MP: 11/17
  6749 | D:6      | Reached skill level 5 in Spellcasting
  6763 | D:6      | Reached skill level 9 in Air Magic
  6826 | D:6      | Noticed Maggie
  6837 | D:6      | Killed Maggie
  7157 | D:6      | Noticed Pikel
  7164 | D:6      | Killed Pikel
  7165 | D:6      | Reached skill level 1 in Maces & Flails
  7165 | D:6      | Reached skill level 10 in Air Magic
  7280 | D:6      | Noticed Firecrotchwizard's ghost (novice TeBe)
  7401 | D:6      | Noticed a brown ugly thing
  7402 | D:6      | Found a transporter.
  7406 | D:6      | Found a transporter.
  7406 | D:6      | Found a one-way gate to the infinite horrors of the Abyss.
  7437 | D:6      | Found a broken altar of Ashenzari.
  7485 | D:6      | Learned a level 4 spell: Vhi's Electric Charge
  7846 | D:7      | Killed an unseen horror
  7982 | D:7      | Reached XP level 10. HP: 58/58 MP: 15/19
  8014 | D:7      | Found a staircase to the Ecumenical Temple.
  8024 | Temple   | Entered the Ecumenical Temple
  8107 | D:7      | Reached skill level 5 in Fighting
  8585 | D:8      | Found an opulent altar of Gozag.
  8595 | D:8      | Reached skill level 1 in Translocations
  8660 | D:8      | Identified the +4 leather armour "Webrom" {Will+ Str+3}
  8688 | D:8      | Found a staircase to the Lair.
  8999 | D:8      | Slain by a yak

Illustrated notes

Levels and vault maps discovered:
D:1:      eino_arrival_water_star, layout_basic,
          ebering_ecumenical_altar_petrified, minmay_misc_feat_room,
          nicolae_kite_square_tiling_tiny
D:2:      layout_loops_ring, uniq_crazy_yiuf_cottage
D:3:      layout_loops_ring, mainiacjoe_overflow_concentric_impassable,
          uniq_jessica
D:4:      layout_loops_ring, hellmonk_sif_muna_bookshelves, serial_shops,
          kennysheep_mini_moat, nicolae_shop_fire_sale [nicolae_sub_dead_trees],
          uniq_edmund
D:5:      layout_basic, st_stairs_4, uniq_prince_ribbit1
D:6:      layout_loops_ring, kennysheep_vampire_church,
          nicolae_overflow_squiral, gammafunk_ghost_abyssal_escape,
          minmay_a_box_with_orc_wizards_in_it, uniq_blork_the_orc, uniq_maggie,
          uniq_pikel
D:7:      layout_basic, minmay_temple_entry_overgrown
D:8:      layout_cave_pools, grunt_gozag_statues,
          worldfamousw_hep_ancestral_shrine, dpeg_oklobed_lair, serial_shops,
          shop, kennysheep_small_circle
Temple:   nicolae_temple_x_marks_the_god

Skill      XL: |  1  2  3  4  5  6  7  8  9 10 |
---------------+-------------------------------+-----
Fighting       | 1 2 3 4 5 |  5.2
Conjurations   | 2 3 4 5 |  5.8
Air Magic      | 5 6 7 8 10 | 10.9
Dodging        | 3 4 5 6 |  6.1
Spellcasting   | 3 4 5 6 |  6.0
Poison Magic   | 1 2 4 |  4.3
Maces & Flails | 1 |  1.2
Translocations | 1 |  1.1
Stealth        | |  2.7

Action                     |  1- 3 |  4- 6 |  7- 9 | 10-12 || total
---------------------------+-------+-------+-------+-------++-------
  Melee: Dagger            |     1 |     5 |       |       ||     6
         Kick              |       |     1 |    16 |     6 ||    23
         Peck              |       |     1 |     9 |     3 ||    13
         Mace              |       |       |    35 |    16 ||    51
         Punch             |       |       |     1 |       ||     1
   Cast: Shock             |    81 |    80 |   137 |    34 ||   332
         Static Discharge  |       |    12 |    24 |     8 ||    44
         Poisonous Vapours |       |     3 |    26 |    11 ||    40
         Airstrike         |       |       |    12 |     5 ||    17
         Vhi's Electric Ch |       |       |     2 |       ||     2
   Stab: Sleeping          |     1 |       |     1 |       ||     2
 Armour: Robe              |     5 |    24 |    56 |    17 ||   102
  Dodge: Dodged            |    19 |     8 |    94 |    33 ||   154

Table legend: (Time is in decaauts)
 A = Elapsed time spent in this place.
 B = Non-inter-level travel time spent in this place.
 C = Inter-level travel time spent in this place.
 D = Time resting spent in this place.
 E = Time spent auto-exploring this place.
 F = Levels seen in this place.
 G = Mean time per level.
                   A        B        C        D        E       F      G
               +--------+--------+--------+--------+--------+-----+--------+
         Total |   9015 |   8813 |    202 |    275 |   7368 |   9 | 1001.7 |
       Dungeon |   8999 |   8803 |    196 |    275 |   7368 |   8 | 1124.9 |
        Temple |     15 |     10 |      5 |      0 |      0 |   1 |   15.0 |
               +--------+--------+--------+--------+--------+-----+--------+

Top non-repeatable levels by time:
     D:6: 1889 daAuts
     D:1: 1344 daAuts
     D:4: 1238 daAuts
     D:5: 1201 daAuts
     D:3: 1045 daAuts
     D:2: 898 daAuts
     D:7: 858 daAuts
     D:8: 522 daAuts
  Temple: 15 daAuts
